 Dungeon Crawl Stone Soup version 0.30-a0-989-g0d87f670db (webtiles) character file.

Game seed: 6196203285617725983

9 Pimp the Stinger (level 2, -3/20 HPs)
             Began as a Barachi Venom Mage on Apr 3, 2023.
             Slain by Natasha (4 damage)
             ... on level 2 of the Dungeon.
             The game lasted 00:02:19 (789 turns).

Pimp the Stinger (Barachi Venom Mage)                Turns: 789, Time: 00:02:20

Health: -3/20      AC:  4    Str:  9    XL:     2   Next: 16%
Magic:  4/5        EV: 11    Int: 15    God:
Gold:   105        SH:  0    Dex: 12    Spells: 4/5 levels left

rFire   . . .      SeeInvis .    j - +0 short sword (speed)
rCold   . . .      Faith    .    (no shield)
rNeg    . . .      Spirit   .    h - +0 leather armour
rPois   .          Reflect  .    (no helmet)
rElec   .          Rampage  .    (no cloak)
rCorr   .                        d - +0 pair of gloves
Will    .....                    (no boots)
Stlth   ++                       (no amulet)
HPRegen 0.23/turn                (no ring)
MPRegen 0.09/turn                (no ring)

@: very slightly contaminated, hasted and slowed, slow
A: amphibious, slowness 1, strong legs 1, +LOS
a: Hop


You were on level 2 of the Dungeon.
You visited 1 branch of the dungeon, and saw 2 of its levels.

You collected 105 gold pieces.

Inventory:

Hand Weapons
 c - a +0 trident
 g - a +1 longbow
 j - a +0 short sword of speed (weapon)
Armour
 a - a +0 robe
 d - a +0 pair of gloves (worn)
 h - a +0 leather armour (worn)
Jewellery
 f - a +5 ring of evasion
 i - an amulet of faith
Potions
 k - a potion of attraction {unknown}
 l - a potion of degeneration {unknown}


   Skills:
 + Level 0.5 Fighting
 + Level 0.3 Ranged Weapons
 + Level 0.3 Armour
 + Level 2.4 Dodging
 - Level 1.7 Stealth
 + Level 2.2 Spellcasting
 + Level 1.3 Transmutations
 + Level 3.3 Poison Magic


You had 4 spell levels left.
You knew the following spells:

 Your Spells              Type           Power      Damage    Failure   Level
a - Sting                 Tmut/Pois      32%        1d4       12%         1

Your spell library contained the following spells:

 Spells                   Type           Power      Damage    Failure   Level
 Poisonous Vapours        Pois/Air       12%        N/A       22%         2
 Ignite Poison            Fire/Tmut/Pois 6%         N/A       43%         3
 Mephitic Cloud           Conj/Pois/Air  5%         N/A       50%         3
 Olgreb's Toxic Radiance  Pois           11%        N/A       58%         4
 Portal Projectile        Hex/Tloc       2%         N/A       65%         3
 Tukima's Dance           Hex            1%         N/A       65%         3
 Sticky Flame             Conj/Fire      1%         2d3       96%         4
 Blade Hands              Tmut           2%         N/A       99%         5
 Ignition                 Fire           0%         3d3       100%        8


Dungeon Overview and Level Annotations

Branches:
Dungeon (2/15)

Altars:

Annotations:
D:2 Natasha


Innate Abilities, Weirdness & Mutations

You are amphibious.
You cover ground slowly.
You can hop short distances.
You have an extended range of vision and can be seen from far away.


Message History

You miscast Sting.
Nothing appears to happen.
Natasha claws you but does no damage.
Casting: Sting (safe; 12% risk of failure)
Confirm with . or Enter, or press ? or * to list all spells.
Aiming: Sting (safe; 12% risk of failure)
Press: ? - help, Shift-Dir - straight line, f/p - Natasha
Aim: Natasha (heavily wounded, 60% to hit)
The sting hits Natasha.
Natasha is poisoned.
Natasha is severely wounded.
Natasha claws you but does no damage.
Casting: Sting (safe; 12% risk of failure)
Confirm with . or Enter, or press ? or * to list all spells.
You don't have enough magic to cast this spell.
Unknown command.
Casting: Sting (safe; 12% risk of failure)
Confirm with . or Enter, or press ? or * to list all spells.
You don't have enough magic to cast this spell.
Unknown command.
Magic courses through your body.
Casting: Sting (safe; 12% risk of failure)
Confirm with . or Enter, or press ? or * to list all spells.
Aiming: Sting (safe; 12% risk of failure)
Press: ? - help, Shift-Dir - straight line, f/p - Natasha
Aim: Natasha (severely wounded, poisoned, 60% to hit)
You miscast Sting.
Nothing appears to happen.
Natasha claws you!
* * * LOW HITPOINT WARNING * * *
Unknown command.
You feel as though your hastened speed will last longer.
Natasha stares at you and mumbles some strange words.
You feel yourself slow down.
Casting: Sting (safe; 12% risk of failure)
Confirm with . or Enter, or press ? or * to list all spells.
Aiming: Sting (safe; 12% risk of failure)
Press: ? - help, Shift-Dir - straight line, f/p - Natasha
Aim: Natasha (almost dead, poisoned, 60% to hit)
The sting misses Natasha.
The sting hits the white imp.
The white imp partially resists.
The white imp is lightly wounded.
Natasha claws you.
You die...

#.####..# #.......#
### ######.## ...
#+# #.# #.# ##
#.##.## #.#...####
#@h5.....+
#.#...#### #.# .##
#.# # ###.###
#.....# ### #+#
#.#.#.# ##.###.#
#.#.#.# ##...##.#
#.#.#.####.....#.###


You could see Natasha (poisoned) and a white imp (summoned).

Vanquished Creatures
  An endoplasm (D:2)
  2 goblins (D:1)
  A hobgoblin (D:2)
  2 kobolds
  A ball python (D:1)
  A bat (D:1)
  A rat (D:1)
9 creatures vanquished.

Notes
Turn   | Place    | Note
-------+----------+-------------------------------------------
     0 | D:1      | Pimp the Barachi Venom Mage began the quest for the Orb.
     0 | D:1      | Reached XP level 1. HP: 13/13 MP: 3/3
   630 | D:2      | Reached XP level 2. HP: 20/20 MP: 3/5
   769 | D:2      | Noticed Natasha
   787 | D:2      | HP: 1/20 [Natasha (8)]
   789 | D:2      | Slain by Natasha

Illustrated notes

Levels and vault maps discovered:
D:1:      eino_arrival_tree_alley, layout_loops_cross, amcnicky_mini_pool_small
D:2:      layout_loops_corners, uniq_natasha

Action                     || total
---------------------------++-------
  Melee: Trident           ||     1
         Short sword       ||     8
   Fire: Longbow           ||    16
   Cast: Sting             ||     8
    Use: Scroll            ||     2
         Potion            ||     3
 Armour: Leather armour    ||     4
  Dodge: Dodged            ||     9

Table legend: (Time is in decaauts)
 A = Elapsed time spent in this place.
 B = Non-inter-level travel time spent in this place.
 C = Inter-level travel time spent in this place.
 D = Time resting spent in this place.
 E = Time spent auto-exploring this place.
 F = Levels seen in this place.
 G = Mean time per level.
                   A        B        C        D        E       F      G
               +--------+--------+--------+--------+--------+-----+--------+
         Total |    926 |    910 |     16 |     32 |    678 |   2 |  463.0 |
       Dungeon |    926 |    910 |     16 |     32 |    678 |   2 |  463.0 |
               +--------+--------+--------+--------+--------+-----+--------+

Top non-repeatable levels by time:
     D:1: 744 daAuts
     D:2: 182 daAuts
